 Dungeon Crawl Stone Soup version 0.28-a0-1545-g945cd3f27e (webtiles) character file.

Game seed: 11382136348467112778

193 BritishOli the Chopper (level 5, -7/41 HPs)
             Began as a Demonspawn Gladiator on Jan 18, 2022.
             Mangled by Crazy Yiuf (8 damage)
             ... on level 2 of the Dungeon.
             The game lasted 00:01:38 (2535 turns).

BritishOli the Chopper (Demonspawn Gladiator)       Turns: 2535, Time: 00:01:41

Health: -7/41      AC:  9    Str: 16    XL:     5   Next: 44%
Magic:  3/5        EV: 10    Int:  9    God:
Gold:   80         SH:  0    Dex: 15    Spells: 4/4 levels left

rFire   . . .      SeeInvis .   a - +0 war axe
rCold   . . .      Faith    .   (no shield)
rNeg    . . .      Spirit   .   i - +0 scale mail
rPois   .          Reflect  .   c - +0 helmet
rElec   .          Harm     .   (no cloak)
rCorr   .          Rampage  .   (no gloves)
Will    +....                   (no boots)
Stlth   ..........              (no amulet)
HPRegen 0.13/turn               g - ring of willpower
MPRegen 0.09/turn               h - ring of wizardry

@: lethally poisoned (-7 -> -12)
A: hooves 1, icy blue scales 1
a: no special abilities


You were on level 2 of the Dungeon.
You visited 1 branch of the dungeon, and saw 2 of its levels.

You collected 80 gold pieces.

Inventory:

Hand Weapons
 a - a +0 war axe (weapon)
Missiles
 d - 3 throwing nets (quivered)
Armour
 b - a +0 leather armour
 c - a +0 helmet (worn)
 i - a +0 scale mail (worn)
Jewellery
 g - a ring of willpower (left hand)
 h - a ring of wizardry (right hand)
Scrolls
 e - 3 scrolls of identify {unknown}
 j - a scroll of torment {unknown}
 l - 3 scrolls of enchant armour {unknown}
 m - 2 scrolls of immolation {unknown}
 n - 2 scrolls of fear {unknown}
 o - a scroll of magic mapping {unknown}
Potions
 f - a potion of invisibility {unknown}
 k - a potion of curing {unknown}


   Skills:
 + Level 3.1 Fighting
 + Level 3.5 Axes
 + Level 2.8 Throwing
 + Level 1.4 Armour
 + Level 3.5 Dodging


You had 4 spell levels left.
You didn't know any spells.
Your spell library was empty.

Dungeon Overview and Level Annotations

Branches:
Dungeon (2/15)

Altars:

Annotations:
D:2 Crazy Yiuf


Innate Abilities, Weirdness & Mutations

You have large cloven feet.
You are partially covered in icy blue scales. (AC +2)


Message History

No target in view!
Things that are here:
a +0 flail; a +0 chain mail
o - a scroll labelled RIUL CUASAREN You see here a +0 ring mail.
Things that are here:
a +0 flail; a +0 chain mail
Found a mace.
Found a runed translucent door.
No target in view!
Crazy Yiuf shouts!
Found 27 stones.
Key pressed, stopping explore.
No target in view!
You open the door.
Crazy Yiuf screams, "Gum canine tortoise!"
You closely miss Crazy Yiuf. Your kick misses Crazy Yiuf.
Crazy Yiuf hits you but does no damage.
You hit Crazy Yiuf.
Crazy Yiuf is lightly wounded.
Crazy Yiuf hits you with a +2 quarterstaff of chaos!
You are poisoned.
Crazy Yiuf hits you with a +2 quarterstaff of chaos!
You slash Crazy Yiuf!
Crazy Yiuf is severely wounded.
You feel very sick.
Crazy Yiuf hits you with a +2 quarterstaff of chaos.
You feel your power leaking away.
You closely miss Crazy Yiuf. Your kick misses Crazy Yiuf.
Crazy Yiuf is severely wounded.
You feel very sick.
Crazy Yiuf hits you with a +2 quarterstaff of chaos.
* * * LOW HITPOINT WARNING * * *
You hit Crazy Yiuf but do no damage.
Crazy Yiuf is severely wounded.
You feel sick.
Crazy Yiuf says, "Flower sizzlefizz sizzlefizz!"
Crazy Yiuf hits you with a +2 quarterstaff of chaos!
* * * LOW HITPOINT WARNING * * *
Crazy Yiuf hits you with a +2 quarterstaff of chaos!
You die...

### ♣♣#### #)..#♣♣ ♣♣....##
#...g@♣♣♣♣......#
#...#♣..♣.......# ## ###
♣♣♣.♣....#.# #... ♣♣♣♣♣###.######
..# #.......# #### ##############
#.......# ..(#
#...#..>.....####.......#
.#.###### #.................)....
........####.........####........


You could see Crazy Yiuf.

Vanquished Creatures
  Terence (D:2)
  Natasha (thrice) (D:2)
  3 adders (D:2)
  A worm (D:2)
  A dart slug (D:1)
  An endoplasm (D:2)
  A giant cockroach (D:1)
  9 goblins
  6 hobgoblins
  10 jackals
  2 kobolds (D:1)
  4 quokkas
  3 ball pythons
  9 bats
  3 frilled lizards
  5 rats (D:1)
62 creatures vanquished.

Notes
Turn   | Place    | Note
-------+----------+-------------------------------------------
     0 | D:1      | BritishOli the Demonspawn Gladiator began the quest for the
                  | Orb.
     0 | D:1      | Reached XP level 1. HP: 16/16 MP: 1/1
   224 | D:1      | Gained mutation: You have large cloven feet. [demonic
                  | ancestry]
   224 | D:1      | Reached XP level 2. HP: 22/22 MP: 2/2
   718 | D:1      | Reached XP level 3. HP: 26/28 MP: 3/3
  1002 | D:1      | Found a faded altar of an unknown god.
  1726 | D:2      | Reached XP level 4. HP: 26/34 MP: 4/4
  1792 | D:2      | Noticed Natasha
  1797 | D:2      | Killed Natasha
  1798 | D:2      | Reached skill level 1 in Armour
  1841 | D:2      | Noticed Natasha
  1846 | D:2      | Killed Natasha
  2057 | D:2      | Gained mutation: You are partially covered in icy blue
                  | scales. (AC +2) [demonic ancestry]
  2057 | D:2      | Reached XP level 5. HP: 25/40 MP: 5/5
  2223 | D:2      | Noticed Natasha
  2232 | D:2      | Killed Natasha
  2385 | D:2      | Noticed Terence
  2394 | D:2      | Killed Terence
  2488 | D:2      | Found a runed translucent door.
  2489 | D:2      | Noticed Crazy Yiuf
  2535 | D:2      | HP: 1/41 [Crazy Yiuf (9)]
  2535 | D:2      | Mangled by Crazy Yiuf

Illustrated notes

Levels and vault maps discovered:
D:1:      dpeg_arrival_subterranean_lakeside_camping, layout_basic,
          shapermc_ecumenical_altar_flowoftime, minmay_distorted
D:2:      layout_rooms, uniq_crazy_yiuf_cottage, uniq_natasha, uniq_terence

Skill      XL: |  1  2  3  4  5 |
---------------+----------------+-----
Throwing       | 2 |  2.8
Axes           | 3 |  3.5
Dodging        | 3 |  3.5
Armour         | 1 |  1.4
Fighting       | 3 |  3.1

Action                   |  1- 3 |  4- 6 || total
-------------------------+-------+-------++-------
Melee: War axe           |   135 |    51 ||   186
       Kick              |    21 |    14 ||    35
       Punch             |     1 |     1 ||     2
Armor: Leather armour    |    40 |       ||    40
       Scale mail        |    23 |    22 ||    45
Dodge: Dodged            |   129 |    28 ||   157

Table legend: (Time is in decaauts)
 A = Elapsed time spent in this place.
 B = Non-inter-level travel time spent in this place.
 C = Inter-level travel time spent in this place.
 D = Time resting spent in this place.
 E = Time spent auto-exploring this place.
 F = Levels seen in this place.
 G = Mean time per level.
                   A        B        C        D        E       F      G
               +--------+--------+--------+--------+--------+-----+--------+
         Total |   2605 |   2535 |     70 |    172 |   1932 |   2 | 1302.5 |
       Dungeon |   2605 |   2535 |     70 |    172 |   1932 |   2 | 1302.5 |
               +--------+--------+--------+--------+--------+-----+--------+

Top non-repeatable levels by time:
     D:1: 1659 daAuts
     D:2: 945 daAuts
